 Dungeon Crawl Stone Soup version 0.31.0-9-g3a7656b989 (webtiles) character file.

Game seed: 2561197839850511634

387 qw the Skirmisher (level 6, -5/35 HPs)
             Began as a Deep Elf Hunter on Feb 2, 2024.
             Incinerated by a bombardier beetle (7 damage)
             ... with a burning spray
             ... on level 4 of the Dungeon.
             The game lasted 00:00:08 (2501 turns).

qw the Skirmisher (Deep Elf Hunter)                 Turns: 2501, Time: 00:00:08

Health: -5/35      AC:  8    Str: 10    XL:     6   Next: 49%
Magic:  8/8        EV: 11    Int: 14    God:
Gold:   108        SH:  0    Dex: 18    Spells: 5/5 levels left

rFire   . . .        a - +1 shortbow
rCold   . . .        (shield currently unavailable)
rNeg    . . .        g - +1 ring mail
rPois   .            f - +2 hat
rElec   .            (no cloak)
rCorr   .            (no gloves)
SInv    .            (no boots)
Will    .....        (no amulet)
Stlth   +            (no ring)
HPRegen 0.25/turn    (no ring)
MPRegen 0.11/turn

%: no passive effects
@: on fire, glowing
A: no striking features
a: no special abilities


You were on level 4 of the Dungeon.
You visited 1 branch of the dungeon, and saw 4 of its levels.

You collected 132 gold pieces.
You spent 24 gold pieces at shops.


   Skills:
 - Level 2.0 Fighting
 - Level 10.1 Ranged Weapons
 + Level 2.5 Dodging
 - Level 1.2 Stealth


You had 5 spell levels left.
You didn't know any spells.
Your spell library was empty.

Inventory:

Hand Weapons
 a - a +1 shortbow (weapon)
Armour
 f - a +2 hat (worn)
 g - a +1 ring mail (worn)
Wands
 c - a wand of flame (25)
Potions
 b - a potion of enlightenment
 e - 3 potions of mutation
 h - a potion of curing
 i - a potion of berserk rage {unknown}

Dungeon Overview and Level Annotations

Branches:
Dungeon (4/15)
 Temple: D:4-7

Altars:

Shops:
D:1 *


Message History

You shoot an arrow. The arrow hits the bombardier beetle!
The bombardier beetle is moderately wounded.
The adder closely misses you. x2
You shoot an arrow.
The arrow barely misses the bombardier beetle.
The adder misses you.
The bombardier beetle sprays incendiary fluid at you.
The burning spray hits you.
You are covered in liquid fire!
You shoot an arrow.
The arrow barely misses the bombardier beetle.
The liquid fire burns you! The adder completely misses you.
The bombardier beetle bites you but does no damage.
The adder closely misses you.
You shoot an arrow.
The arrow barely misses the bombardier beetle.
The liquid fire burns you! The adder bites you but does no damage.
You shoot an arrow.
The arrow barely misses the bombardier beetle.
The liquid fire burns you! The adder barely misses you.
The bombardier beetle sprays incendiary fluid at you.
The burning spray hits you.
You are even more covered in liquid fire!
You shoot an arrow. The arrow hits the bombardier beetle.
The bombardier beetle is heavily wounded.
The liquid fire burns you! The adder barely misses you.
You shoot an arrow. The arrow hits the bombardier beetle.
The bombardier beetle is severely wounded.
The liquid fire burns you! The adder misses you.
The bombardier beetle barely misses you.
The adder bites you.
You shoot an arrow. The arrow hits the bombardier beetle.
The bombardier beetle is severely wounded.
The liquid fire burns you!
You die...

#.#......#.#
#.#
#.########.#
#.#
#..........#
#.#
############
#.# .).....
#.# #......
#.# .......
#.#
.......####.#
..)...S@....#
.....#B######
... #B . ..
... ....
...#. ......


You could see 2 bombardier beetles and an adder.

Vanquished Creatures
  Grinder (D:3)
  A scorpion (D:4)
  Ijyb (D:3)
  Terence (D:3)
  A gnoll (D:1)
  4 adders
  3 orcs (D:4)
  4 ball pythons
  3 endoplasms
  4 giant cockroaches
  2 goblins (D:1)
  4 hobgoblins
  2 quokkas
  4 bats
  6 frilled lizards
  4 kobolds
  3 rats
48 creatures vanquished.

Notes
Turn   | Place    | Note
-------+----------+-------------------------------------------
     0 | D:1      | qw the Deep Elf Hunter began the quest for the Orb.
     0 | D:1      | Reached XP level 1. HP: 12/12 MP: 3/3
     0 | D:1      | 0 ||| qw: Version: 0.3-a-155-g5e7d8dd
     0 | D:1      | 0 ||| qw: Game counter: 2779
     0 | D:1      | 0 ||| qw: Melee chars always use a shield: true
     0 | D:1      | 0 ||| qw: God list: Okawaru
     0 | D:1      | 0 ||| qw: Allow faded altars: false
     0 | D:1      | 0 ||| qw: Do Orc after clearing Dungeon:15 true
     0 | D:1      | 0 ||| qw: Do second Lair branch before Depths: true
     0 | D:1      | 0 ||| qw: Lair rune preference: random
     0 | D:1      | 0 ||| qw: Goals: Normal
     0 | D:1      | 0 ||| PLANNING D:1-11
    73 | D:1      | 73 ||| DROPPING +0 sling of electrocution.
   178 | D:1      | Found Ecinwem's General Store.
   186 | D:1      | Reached skill level 6 in Ranged Weapons
   186 | D:1      | Reached XP level 2. HP: 16/16 MP: 4/4
   199 | D:1      | 199 ||| SHOPLISTING potion of heal wounds (60 gold, have
                  | 39).
   199 | D:1      | 199 ||| BUYING scroll of identify (24 gold).
   199 | D:1      | Bought a scroll of identify for 24 gold pieces
   446 | D:1      | Reached XP level 3. HP: 20/20 MP: 5/5
   612 | D:1      | 612 ||| UPGRADING to +0 ring mail.
   622 | D:1      | 622 ||| DROPPING +0 leather armour.
   623 | D:1      | 623 ||| READING 2 scrolls of identify.
   623 | D:1      | 623 ||| IDENTIFYING smoky silvery potion
   624 | D:1      | 624 ||| READING scroll of identify.
   624 | D:1      | 624 ||| IDENTIFYING 3 yellow potions
   625 | D:1      | 625 ||| READING scroll labelled ROEDGH IDOAQU.
   626 | D:1      | 626 ||| DROPPING scroll of butterflies.
   690 | D:2      | Identified the +8 long sword "Jahoitae" {heavy, Dex+2}
   925 | D:2      | Reached skill level 7 in Ranged Weapons
  1058 | D:2      | Found a faded altar of an unknown god.
  1330 | D:2      | 1330 ||| UPGRADING to +2 hat.
  1335 | D:2      | 1335 ||| READING scroll labelled MITIAG OTIFE.
  1335 | D:2      | 1335 ||| ENCHANTING +0 ring mail.
  1336 | D:2      | 1336 ||| READING 2 scrolls labelled BIN ICOOKHLIRIL.
  1339 | D:2      | 1339 ||| READING scroll labelled UMARUI HAEJAT.
  1393 | D:3      | Noticed Grinder
  1394 | D:3      | Paralysed by Grinder for 4 turns
  1398 | D:3      | 1398 ||| ZAPPING wand of iceblast (4) at 0,-4 (Grinder;
                  | floor).
  1399 | D:3      | 1399 ||| ZAPPING wand of iceblast (3) at 0,-3 (Grinder;
                  | floor).
  1400 | D:3      | 1400 ||| ZAPPING wand of iceblast (2) at 0,-2 (Grinder;
                  | floor).
  1401 | D:3      | Paralysed by Grinder for 2 turns
  1407 | D:3      | 1407 ||| ZAPPING wand of iceblast (1) at 2,-1 (Grinder;
                  | floor).
  1407 | D:3      | Killed Grinder
  1408 | D:3      | Reached skill level 9 in Ranged Weapons
  1408 | D:3      | Reached XP level 4. HP: 11/25 MP: 6/6
  1408 | D:3      | Reached XP level 5. HP: 13/29 MP: 7/7
  1409 | D:3      | Noticed Terence
  1410 | D:3      | 1410 ||| FLEEEEING.
  1411 | D:3      | 1411 ||| FLEEEEING.
  1412 | D:3      | 1412 ||| FLEEEEING.
  1413 | D:3      | 1413 ||| FLEEEEING.
  1414 | D:3      | 1414 ||| FLEEEEING.
  1415 | D:3      | 1415 ||| FLEEEEING.
  1421 | D:3      | 1421 ||| FLEEEEING.
  1422 | D:3      | 1422 ||| FLEEEEING.
  1432 | D:3      | Killed Terence
  1433 | D:3      | Reached XP level 6. HP: 22/35 MP: 8/8
  1980 | D:3      | Noticed Ijyb
  1990 | D:3      | HP: 8/35 [Ijyb/+0 dagger (2)]
  1991 | D:3      | 1991 ||| READING scroll of teleportation.
  2223 | D:3      | HP: 6/35 [Ijyb/puff of flame (7)]
  2226 | D:3      | Killed Ijyb
  2360 | D:3      | 2360 ||| READING scroll labelled HERRODDAYLE.
  2360 | D:3      | 2360 ||| ENCHANTING +0 shortbow.
  2361 | D:3      | 2361 ||| READING 2 scrolls labelled EFIRHOTIBA.
  2362 | D:3      | 2362 ||| DRINKING 2 bubbling puce potions.
  2363 | D:3      | 2363 ||| DROPPING scroll of blinking.
  2454 | D:4      | Reached skill level 10 in Ranged Weapons
  2500 | D:4      | HP: 4/35 [burnt (6)]
  2501 | D:4      | Incinerated by a bombardier beetle

Levels and vault maps discovered:
D:1:      nzn_arrival_depleted_hourglass, layout_loops_ring, serial_shops, shop
D:2:      layout_loops_ring, shapermc_ecumenical_altar_pompeii,
          grunt_decor_clamped
D:3:      layout_loops_cross, reono_crystal_passage, uniq_ijyb, uniq_grinder,
          uniq_terence
D:4:      layout_basic, mainiacjoe_overflow_surrounded_room, okawaru_gym_becter,
          serial_shops, nicolae_shop_pleasant_corner_grove,
          kennysheep_generic_room_10

Skill      XL: |  1  2  3  4  5  6 |
---------------+-------------------+-----
Ranged Weapons | 6 9 10 | 10.1
Fighting       | 2 |  2.0
Dodging        | |  2.5
Stealth        | |  1.2

Action                     |  1- 3 |  4- 6 || total
---------------------------+-------+-------++-------
   Fire: Shortbow          |    92 |   100 ||   192
  Evoke: Wand              |     4 |       ||     4
    Use: Scroll            |     6 |     3 ||     9
         Potion            |       |     1 ||     1
 Armour: Leather armour    |     3 |       ||     3
         Ring mail         |    13 |    44 ||    57
  Dodge: Dodged            |    21 |    33 ||    54

Table legend:
 A = Non-vault XP
 B = Vault XP
 C = Vault XP percentage of total XP
 D = Non-vault monster count
 E = Vault monster count
 F = Vault count percentage of total count
                 A         B        C        D         E       F
            +---------+---------+-------+---------+---------+-------
      Total |     216 |     337 |  60.9 |      45 |       3 |   6.2
            +---------+---------+-------+---------+---------+-------
        D:1 |      45 |       0 |   0.0 |      21 |       0 |   0.0
        D:2 |      32 |       0 |   0.0 |       5 |       0 |   0.0
        D:3 |      47 |     337 |  87.8 |      15 |       3 |  16.7
        D:4 |      92 |       0 |   0.0 |       4 |       0 |   0.0
            +---------+---------+-------+---------+---------+-------
